 Dungeon Crawl Stone Soup version 0.30-a0-743-gbfdf073431 (webtiles) character file.

Game seed: 5802993069752662099

179 Legacy the Trooper (level 5, -1/78 HPs)
             Began as a Minotaur Berserker on Feb 2, 2023.
             Was a Believer of Trog.
             Succumbed to a gnoll sergeant's poison
             ... on level 4 of the Dungeon on Feb 5, 2023.
             The game lasted 00:06:40 (2643 turns).

Legacy the Trooper (Minotaur Berserker)             Turns: 2643, Time: 00:06:40

Health: -1/78      AC:  8    Str: 24    XL:     5   Next: 33%
Magic:  2/4        EV:  8    Int:  4    God:    Trog [**....]
Gold:   183        SH:  0    Dex:  9    Spells: 4/4 levels left

rFire   . . .      SeeInvis .    h - +4 quarterstaff (speed)
rCold   . . .      Faith    .    (shield currently unavailable)
rNeg    . . .      Spirit   +    s - +0 chain mail
rPois   .          Reflect  .    (helmet restricted)
rElec   .          Harm     .    (no cloak)
rCorr   .          Rampage  .    (no gloves)
Will    .....                    (no boots) Stlth
                                 f - amulet of guardian spirit
HPRegen 0.33/turn                (no ring)
MPRegen 0.09/turn                (no ring)

@: berserking (expiring), lethally poisoned (-1 -> -25), very quick
A: horns 2, retaliatory headbutt
a: Renounce Religion, Berserk, Trog's Hand


You were on level 4 of the Dungeon.
You worshipped Trog.
Trog was pleased with you.
You visited 1 branch of the dungeon, and saw 4 of its levels.

You collected 183 gold pieces.

Inventory:

Hand Weapons
 a - a +0 hand axe
 h - a +4 quarterstaff of speed (weapon)
Missiles
 m - a throwing net (quivered)
Armour
 b - a +0 animal skin
 s - a +0 chain mail (worn)
Jewellery
 f - an amulet of guardian spirit (around neck)
 l - a ring of fire
Scrolls
 c - a scroll of silence
 e - a scroll of fog {unknown}
 i - a scroll of enchant armour
 j - a scroll of blinking
 q - 2 scrolls of teleportation {unknown}
 t - a scroll of poison {unknown}
Potions
 d - 2 potions of flight {unknown}
 g - a potion of curing {unknown}
 k - 2 potions of brilliance {unknown}
 n - 2 potions of lignification {unknown}
 o - a potion of berserk rage {unknown}
 p - 2 potions of haste {unknown}
 r - 2 potions of might {unknown}


   Skills:
 + Level 7.3 Fighting
 - Level 3.6 Axes
 - Level 2.4 Armour
 - Level 2.1 Dodging


You had 4 spell levels left.
You didn't know any spells.
Your spell library was empty.

Dungeon Overview and Level Annotations

Branches:
Dungeon (4/15)
 Temple: D:4-7

Altars:
Gozag
Kikubaaqudgha

Shops:
D:3 *


Innate Abilities, Weirdness & Mutations

You have a pair of horns on your head.
You reflexively headbutt those who attack you in melee.


Message History

You feel very sick. The gnoll sergeant closely misses you.
The gnoll barely misses you. You furiously retaliate!
You headbutt the gnoll!
Things that are here:
a +0 whip; a hobgoblin corpse You sock the gnoll!
You kill the gnoll!
Trog accepts your kill.
You feel very sick.
You feel very sick.
The gnoll sergeant hits you with a +2 spear of venom!
You are lethally poisoned!
You see here a +0 club.
The gnoll sergeant blocks your attack.
You headbutt the gnoll sergeant!
The gnoll sergeant is moderately wounded.
* * * LOW HITPOINT WARNING * * *
You feel very sick.
You barely miss the gnoll sergeant.
The gnoll sergeant is moderately wounded.
* * * LOW HITPOINT WARNING * * *
You feel very sick.
The gnoll sergeant hits you with a +2 spear of venom!
* * * LOW HITPOINT WARNING * * *
The gnoll sergeant blocks your attack.
The gnoll sergeant is moderately wounded.
* * * LOW HITPOINT WARNING * * *
You feel very sick.
You closely miss the gnoll sergeant.
The gnoll sergeant is moderately wounded.
* * * LOW HITPOINT WARNING * * *
You feel very sick.
The gnoll sergeant hits you but does no damage.
You are more poisoned.
You hit the gnoll sergeant.
The gnoll sergeant is heavily wounded.
* * * LOW HITPOINT WARNING * * *
You feel very sick.
You hit the gnoll sergeant but do no damage.
The gnoll sergeant is heavily wounded.
You die...

.#.#.....## .........##
......... ....... ...... #
#.... #.# .#..#g# #####.##
#.#.#@# ... ...#
#.#.#)##.####..###
##.#.#))..........
#.........####..#
########..#.#..######..#####
.......[...................#
########.##...........####.#
#.############.# #.# ..#
##.####.###


You could see a gnoll sergeant.

Vanquished Creatures
  4 gnolls (D:4)
  6 adders
  A worm (D:2)
  A dart slug (D:1)
  7 orcs (D:3)
  7 endoplasms
  4 giant cockroaches
  6 goblins
  6 hobgoblins
  5 kobolds
  7 quokkas
  4 ball pythons
  4 bats
  4 frilled lizards
  5 rats
71 creatures vanquished.

Vanquished Creatures (others)
  A human (D:3)
  5 fungi (D:3)
  4 plants (D:3)
10 creatures vanquished.

Grand Total: 81 creatures vanquished

Notes
Turn   | Place    | Note
-------+----------+-------------------------------------------
     0 | D:1      | Legacy the Minotaur Berserker began the quest for the Orb.
     0 | D:1      | Reached XP level 1. HP: 19/19 MP: 0/0
    75 | D:1      | Reached skill level 4 in Fighting
   161 | D:1      | Upgraded the game from 0.30-a0-737-gf23d94013f to
                  | 0.30-a0-743-gbfdf073431
   162 | D:1      | Reached XP level 2. HP: 22/28 MP: 1/1
   415 | D:1      | Reached skill level 5 in Fighting
   506 | D:1      | Reached XP level 3. HP: 31/36 MP: 2/2
   601 | D:1      | Reached ** piety under Trog
  1346 | D:2      | Reached skill level 6 in Fighting
  1346 | D:2      | Reached XP level 4. HP: 39/44 MP: 3/3
  1883 | D:3      | Found an opulent altar of Gozag.
  2198 | D:3      | Found a faded altar of an unknown god.
  2361 | D:3      | Found Zioq's Assorted Antiques.
  2523 | D:3      | Found an ancient bone altar of Kikubaaqudgha.
  2526 | D:3      | Noticed a human
  2527 | D:3      | Killed a human
  2617 | D:4      | Reached XP level 5. HP: 51/51 MP: 4/4
  2623 | D:4      | Reached skill level 7 in Fighting
  2642 | D:4      | HP: 2/78 [poisoned by a gnoll sergeant]
  2643 | D:4      | Succumbed to a gnoll sergeant's poison

Illustrated notes

Levels and vault maps discovered:
D:1:      wander_arrival_estate, layout_basic, minmay_circled_x
D:2:      layout_basic
D:3:      layout_basic, grunt_gozag_breadcrumbs, tgw_kikubaaqudgha,
          serial_shops, shop, dreamdust_ecumenical_altar_grove
D:4:      minmay_door_path, layout_loops_ring

Skill      XL: |  1  2  3  4  5 |
---------------+----------------+-----
Fighting       | 4 5 6 7 |  7.3
Axes           | |  3.6
Armour         | |  2.4
Dodging        | |  2.1

Action                     |  1- 3 |  4- 6 || total
---------------------------+-------+-------++-------
  Melee: Hand axe          |    54 |       ||    54
         Headbutt          |     9 |    12 ||    21
         Quarterstaff      |     9 |    75 ||    84
 Invoke: Berserk           |       |     1 ||     1
    Use: Scroll            |       |     3 ||     3
 Armour: Animal skin       |    14 |     8 ||    22
         Chain mail        |       |     7 ||     7
  Dodge: Dodged            |    58 |    53 ||   111

Table legend: (Time is in decaauts)
 A = Elapsed time spent in this place.
 B = Non-inter-level travel time spent in this place.
 C = Inter-level travel time spent in this place.
 D = Time resting spent in this place.
 E = Time spent auto-exploring this place.
 F = Levels seen in this place.
 G = Mean time per level.
                   A        B        C        D        E       F      G
               +--------+--------+--------+--------+--------+-----+--------+
         Total |   2630 |   2443 |    187 |      0 |      0 |   4 |  657.5 |
       Dungeon |   2630 |   2443 |    187 |      0 |      0 |   4 |  657.5 |
               +--------+--------+--------+--------+--------+-----+--------+

Top non-repeatable levels by time:
     D:2: 903 daAuts
     D:1: 883 daAuts
     D:3: 785 daAuts
     D:4: 59 daAuts
